 Dungeon Crawl Stone Soup version 0.27-a0-1105-g946c659c87 (webtiles) character file.

Game seed: 4165807875976743429

984 rjrrt the Cleaver (level 7, -1/52 HPs)
             Began as a Demonspawn Berserker on Apr 29, 2021.
             Was a Priest of Trog.
             Slain by a gnoll sergeant
             ... wielding a +0 spear
              (3 damage)
             ... on level 4 of the Dungeon on Apr 30, 2021.
             The game lasted 00:06:24 (4531 turns).

rjrrt the Cleaver (Demonspawn Berserker)            Turns: 4531, Time: 00:06:24

Health: -1/52      AC: 10    Str: 20    XL:     7   Next: 97%
Magic:  7/7        EV:  6    Int:  8    God:    Trog [***...]
Gold:   210        SH:  0    Dex: 12    Spells: 6/6 levels left

rFire    . . .     SeeInvis .   a - +0 broad axe
rCold    . . .     Faith    .   (no shield)
rNeg     . . .     Spirit   .   c - +0 plate armour
rPois    .         Reflect  .   (helmet restricted)
rElec    .         Harm     .   (no cloak)
rCorr    .         Rampage  .   (no gloves)
Will     .....                  (no boots)
Stlth    ..........             (no amulet)
HPRegen  0.17/turn              (no ring)
MPRegen  0.10/turn              (no ring)

@: on berserk cooldown, slowed, very slow
A: antennae 2, claws 2, ignite blood 1
a: Renounce Religion, Berserk, Trog's Hand


You were on level 4 of the Dungeon.
You worshipped Trog.
Trog was most pleased with you.
You visited 1 branch of the dungeon, and saw 5 of its levels.

You collected 210 gold pieces.

Inventory:

Hand Weapons
 a - a +0 broad axe (weapon)
 e - a +0 spear
 h - a +0 glaive
Missiles
 g - 4 poisoned darts (quivered)
Armour
 c - a +0 plate armour (worn)
Wands
 k - a wand of acid (5)
Scrolls
 b - 2 scrolls of identify
 i - 2 scrolls of teleportation
Potions
 d - a potion of might
 f - a potion of flight
 j - 2 potions of curing


   Skills:
 - Level 3.0 Fighting
 + Level 8.9 Axes
 - Level 1.7 Armour
 - Level 1.7 Dodging


You had 6 spell levels left.
You didn't know any spells.
Your spell library was empty.

Dungeon Overview and Level Annotations

Branches:
Dungeon (5/15)             Temple (0/1) D:5

Altars:
Cheibriados


Innate Abilities, Weirdness & Mutations

You have a pair of antennae on your head.
You have very sharp fingernails.
Your demonic aura sometimes causes spilled blood to erupt in flames


Message History

Unknown command.
You slash the gnoll!
You kill the gnoll!
Trog accepts your kill.
You hit the gnoll sergeant but do no damage.
You feel sick. The gnoll hits you but does no damage.
The gnoll sergeant hits you but does no damage.
Unknown command.
You are too injured to fight recklessly!
You slash the gnoll sergeant!
The gnoll sergeant is heavily wounded.
You feel sick. The gnoll hits you but does no damage.
The gnoll sergeant hits you but does no damage.
Unknown command.
Things that are here:
a +0 whip; a gnoll corpse Unknown command.
Unknown command.
You slash the gnoll!
You kill the gnoll!
Trog accepts your kill. The gnoll sergeant blocks your attack.
You are no longer berserk.
You are exhausted.
You feel yourself slow down.
You feel sick.
The gnoll sergeant hits you with a +0 spear.
* * * LOW HITPOINT WARNING * * *
You hit the gnoll sergeant.
The gnoll sergeant is heavily wounded.
You feel sick.
The gnoll sergeant hits you but does no damage. x2
Unknown command.
You hit the gnoll sergeant but do no damage.
The gnoll sergeant is heavily wounded.
You feel sick.
You are no longer poisoned.
The gnoll sergeant hits you with a +0 spear!
* * * LOW HITPOINT WARNING * * *
The gnoll sergeant hits you with a +0 spear.
You die...

#..####†.'..#
#.####
####..#
##...# ####
.....# ....+
#...# #.$.#
#.°.# ##.@[##
#.g)..#
#..)..#
##..###
##..###..##
#..>.......
#..........
###########


You could see a gnoll sergeant.

Vanquished Creatures
  Grinder (D:4)
  A yak (D:5)
  A necrophage (D:4)
  A centaur (D:5)
  2 scorpions
  A jelly (D:5)
  An orc priest (D:4)
  An iguana (D:5)
  2 orc wizards (D:5)
  7 gnolls
  6 adders
  An ufetubus (D:5)
  An adder skeleton (D:4)
  3 worms
  3 dart slugs (D:4)
  10 orcs
  3 bats
  8 endoplasms
  3 giant cockroaches
  4 goblins
  4 hobgoblins
  4 kobolds
  A quokka (D:3)
  7 ball pythons
  5 frilled lizards
  A rat (D:2)
82 creatures vanquished.

Notes
Turn   | Place    | Note
-------+----------+-------------------------------------------
     0 | D:1      | rjrrt the Demonspawn Berserker began the quest for the Orb.
     0 | D:1      | Reached XP level 1. HP: 18/18 MP: 1/1
   214 | D:1      | Reached skill level 3 in Axes
   440 | D:1      | Gained mutation: You have sharp fingernails. [demonic
                  | ancestry]
   440 | D:1      | Reached XP level 2. HP: 23/24 MP: 2/2
   800 | D:2      | Found a snail-covered altar of Cheibriados.
  1356 | D:2      | Gained mutation: You have a pair of small antennae on your
                  | head. [demonic ancestry]
  1356 | D:2      | Reached XP level 3. HP: 15/29 MP: 3/3
  1603 | D:2      | Reached skill level 4 in Axes
  1929 | D:3      | Reached ** piety under Trog
  2358 | D:3      | Reached XP level 4. HP: 23/35 MP: 4/4
  2496 | D:3      | Found a faded altar of an unknown god.
  2628 | D:4      | Noticed Grinder
  2630 | D:4      | Paralysed by Grinder for 5 turns
  2938 | D:4      | Paralysed by Grinder for 6 turns
  2949 | D:4      | Killed Grinder
  2950 | D:4      | Reached skill level 6 in Axes
  2950 | D:4      | Gained mutation: Your demonic aura sometimes causes spilled
                  | blood to erupt in flames [demonic ancestry]
  2950 | D:4      | Reached XP level 5. HP: 37/41 MP: 5/5
  2950 | D:4      | Gained mutation: You have very sharp fingernails. [demonic
                  | ancestry]
  2950 | D:4      | Reached XP level 6. HP: 42/47 MP: 6/6
  3705 | D:4      | Reached skill level 7 in Axes
  3848 | D:5      | Entered Level 5 of the Dungeon
  3914 | D:5      | Noticed a yak
  3933 | D:5      | Killed a yak
  3933 | D:5      | Reached *** piety under Trog
  3934 | D:5      | Gained mutation: You have a pair of antennae on your head.
                  | [demonic ancestry]
  3934 | D:5      | Reached XP level 7. HP: 40/52 MP: 7/7
  4050 | D:5      | Reached skill level 8 in Axes
  4316 | D:5      | Found a staircase to the Ecumenical Temple.
  4531 | D:4      | HP: 2/52 [gnoll sergeant/+0 spear (8)]
  4531 | D:4      | Slain by a gnoll sergeant

Illustrated notes

Levels and vault maps discovered:
D:1:      nicolae_arrival_somewhat_less_tricky_arrival, layout_rooms,
          serial_glass, glass_columns_b, glass_columns_a, serial_park_tiny_2,
          minmay_misc_feat_square
D:2:      layout_loops_corners, basic_altar
D:3:      layout_rooms, basic_ecumenical_altar, grunt_decor_cap
D:4:      minmay_chambers_of_twos, layout_gridville, kennysheep_little_box,
          saegor_snake_ambush, uniq_grinder
D:5:      layout_basic, jmf_multi_god_temple2,
          minmay_temple_entry_statues_pillars

Skill      XL: |  1  2  3  4  5  6  7 |
---------------+----------------------+-----
Axes           | 3 4 6 7 8 |  8.9
Fighting       | |  3.0
Armour         | |  1.7
Dodging        | |  1.7

Action                   |  1- 3 |  4- 6 |  7- 9 || total
-------------------------+-------+-------+-------++-------
Melee: Hand axe          |   124 |    23 |       ||   147
       Broad axe         |       |    54 |    40 ||    94
Invok: Berserk           |     3 |     4 |     1 ||     8
  Use: Scroll            |     5 |     3 |       ||     8
Armor: Ring mail         |    22 |       |       ||    22
       Scale mail        |    27 |     6 |       ||    33
       Plate armour      |       |    38 |    42 ||    80
Dodge: Dodged            |    71 |    33 |    23 ||   127

Table legend: (Time is in decaauts)
 A = Elapsed time spent in this place.
 B = Non-inter-level travel time spent in this place.
 C = Inter-level travel time spent in this place.
 D = Time resting spent in this place.
 E = Time spent auto-exploring this place.
 F = Levels seen in this place.
 G = Mean time per level.
                   A        B        C        D        E       F      G
               +--------+--------+--------+--------+--------+-----+--------+
         Total |   4636 |   4548 |     88 |    797 |   3034 |   5 |  927.2 |
       Dungeon |   4636 |   4548 |     88 |    797 |   3034 |   5 |  927.2 |
               +--------+--------+--------+--------+--------+-----+--------+

Top non-repeatable levels by time:
     D:2: 1163 daAuts
     D:3: 998 daAuts
     D:4: 986 daAuts
     D:1: 805 daAuts
     D:5: 682 daAuts
